 Dungeon Crawl Stone Soup version 0.30.2 (webtiles) character file.

Game seed: 13476553940950480385

18111 Ashen the Ogre Mage (level 12, -13/126 HPs)
             Began as an Ogre Ice Elementalist on Jan 24, 2024.
             Was a Follower of Vehumet.
             Mangled by a polar bear (18 damage)
             ... on level 2 of the Lair of Beasts on Jan 25, 2024.
             The game lasted 00:44:28 (15396 turns).

Ashen the Ogre Mage (Ogre Ice Elementalist)        Turns: 15396, Time: 00:44:30

Health: -13/126    AC: 14    Str: 15    XL:     12   Next: 55%
Magic:  22/28      EV: 11    Int: 20    God:    Vehumet [*.....]
Gold:   672        SH:  0    Dex:  9    Spells: 21/35 levels left

rFire   . . .        z - +0 whip (venom)
rCold   . . .        (no shield)
rNeg    . . .        k - +2 troll leather armour
rPois   .            (helmet restricted)
rElec   .            F - scarf {shadows}
rCorr   .            (gloves unavailable)
SInv    .            (boots unavailable)
Will    +....        B - amulet of magic regeneration
Stlth   ++           y - ring of flight
HPRegen 1.21/turn    (no ring)
MPRegen 0.61/turn

%: no passive effects
@: lethally poisoned (-13 -> -13), ice-armoured, flying
A: large, unfitting armour, tough skin 1
a: Renounce Religion


You were on level 2 of the Lair of Beasts.
You worshipped Vehumet.
Vehumet was aware of your devotion.
You visited 3 branches of the dungeon, and saw 13 of its levels.
You also visited: Bailey.

You collected 762 gold pieces.
You spent 90 gold pieces at shops.

Inventory:

Hand Weapons
 x - a +0 giant spiked club
 z - a +0 whip of venom (weapon)
 G - a +0 giant spiked club of protection
Armour
 k - a +2 troll leather armour (worn)
 t - a +0 cloak
 w - +0 steam dragon scales
 C - +0 swamp dragon scales
 F - a scarf of shadows (worn)
Jewellery
 u - an amulet of reflection
 y - a ring of flight (left hand)
 A - an amulet of regeneration
 B - an amulet of magic regeneration (around neck)
 I - a +6 ring of intelligence
Wands
 g - a wand of flame (9)
 q - a wand of roots (13)
Scrolls
 c - 6 scrolls of teleportation
 e - a scroll of poison
 f - 2 scrolls of noise
 l - a scroll of amnesia {unknown}
 m - 3 scrolls of immolation
 n - 3 scrolls of magic mapping
 o - 5 scrolls of fog
 p - a scroll of fear
 r - a scroll of enchant weapon {unknown}
Potions
 a - a potion of cancellation
 b - a potion of magic
 d - 3 potions of mutation
 h - 4 potions of curing
 i - a potion of degeneration {unknown}
 j - 2 potions of brilliance
 s - 4 potions of attraction
 D - a potion of resistance
 E - a potion of invisibility
 H - a potion of flight {unknown}


   Skills:
 + Level 9.8 Fighting
 + Level 6.7 Maces & Flails
 + Level 7.2 Dodging
 - Level 3.0 Stealth
 * Level 12.0 Spellcasting
 * Level 2.3 Conjurations
 * Level 10.5 Ice Magic


You had 21 spell levels left.
You knew the following spells:

 Your Spells              Type           Power      Damage    Failure   Level
a - Freeze                Ice            100%       1d10      1%          1
b - Frozen Ramparts       Ice            100%       1d16      1%          3
c - Ozocubu's Armour      Ice            52%        N/A       1%          3
d - Orb of Destruction    Conj           10%        9d6       100%        7

Your spell library contained the following spells:

 Spells                   Type           Power      Damage    Failure   Level
 Shock                    Conj/Air       64%        1d7       4%          1
 Kiss of Death            Conj/Necr      64%        2d10      4%          1
 Slow                     Hex            48%        N/A       7%          1
 Summon Ice Beast         Ice/Summ       33%        N/A       8%          4
 Lesser Beckoning         Tloc           24%        N/A       11%         2
 Sublimation of Blood     Necr           12%        N/A       11%         2
 Wereblood                Tmut           12%        N/A       11%         2
 Call Canine Familiar     Summ           12%        N/A       21%         3
 Confusing Touch          Hex            12%        N/A       21%         3
 Gell's Gravitas          Tloc           12%        N/A       21%         3
 Portal Projectile        Hex/Tloc       24%        N/A       21%         3
 Summon Guardian Golem    Hex/Summ       12%        N/A       21%         3
 Teleport Other           Tloc           12%        N/A       21%         3
 Vampiric Draining        Necr           12%        2d6       21%         3
 Dispel Undead            Necr           12%        3d9       56%         4
 Leda's Liquefaction      Hex/Erth       6%         N/A       56%         4
 Petrify                  Tmut/Erth      12%        N/A       56%         4
 Iskenderun's Battlesphe  Conj           21%        2d7       58%         5
 Irradiate                Conj/Tmut      8%         3d14      75%         5
 Iron Shot                Conj/Erth      8%         9d3       100%        6
 Spellforged Servitor     Conj/Summ      8%         N/A       100%        7
 Summon Hydra             Summ           6%         N/A       100%        7


Dungeon Overview and Level Annotations

Branches:
Dungeon (10/15)            Temple (1/1) D:7            Lair (2/5) D:9
    Orc (0/2) D:9          Bailey (visited)
  Swamp: Lair:2-3    Shoals: Lair:2-3     Snake: Lair:2-3    Spider: Lair:2-3

Altars:
Ashenzari
Cheibriados
Dithmenos
Elyvilon
Fedhas
Gozag
Hepliaklqana
Kikubaaqudgha
Makhleb
Nemelex Xobeh
Okawaru
Qazlal
Ru
Sif Muna
Trog
Uskayaw
Vehumet
Wu Jian
Xom
Yredelemnul
Zin
The Shining One
Ignis

Annotations:
D:3 Sigmund
Lair:1 Amaemon


Innate Abilities, Weirdness & Mutations

You are too large for most types of armour.
You have tough skin. (AC +1)


Message History

The polar bear claws you but does no damage. x2
Casting: Freeze (safe; 1% risk of failure)
Confirm with . or Enter, or press ? or * to list all spells.
Aiming: Freeze (safe; 1% risk of failure)
Press: ? - help, Shift-Dir - straight line, f/p - polar bear
Aim: a polar bear (heavily wounded)
You freeze the polar bear.
The polar bear resists.
The polar bear is heavily wounded.
You feel sick.
The polar bear resists.
The wall freezes the polar bear.
The polar bear completely misses you.
The polar bear claws you but does no damage. x2
Casting: Freeze (safe; 1% risk of failure)
Confirm with . or Enter, or press ? or * to list all spells.
Aiming: Freeze (safe; 1% risk of failure)
Press: ? - help, Shift-Dir - straight line, f/p - polar bear
Aim: a polar bear (severely wounded)
You freeze the polar bear.
The polar bear resists.
The polar bear is severely wounded.
You feel sick.
The polar bear resists.
The wall freezes the polar bear.
The polar bear goes berserk!
Casting: Freeze (safe; 1% risk of failure)
Confirm with . or Enter, or press ? or * to list all spells.
Aiming: Freeze (safe; 1% risk of failure)
Press: ? - help, Shift-Dir - straight line, f/p - polar bear
Aim: a polar bear (severely wounded, berserk)
You freeze the polar bear.
The polar bear resists.
The polar bear is severely wounded.
The frozen ramparts melt away.
You feel sick. The polar bear bites you!
* * * LOW HITPOINT WARNING * * *
The polar bear claws you but does no damage.
The polar bear closely misses you. The polar bear barely misses you. x3
Casting: Freeze (safe; 1% risk of failure)
Confirm with . or Enter, or press ? or * to list all spells.
Aiming: Freeze (safe; 1% risk of failure)
Press: ? - help, Shift-Dir - straight line, f/p - polar bear
Aim: a polar bear (severely wounded, berserk)
You freeze the polar bear.
The polar bear resists.
The polar bear is almost dead.
You feel sick. The polar bear bites you!!
You die...

....####P#
..........
.... .........
#....
........##.h..
............#
#.....#..F#
#...@#...#
#..##h<.8#
.... #....#
#.. ##....# ..
##...# . #[...
#.... ....


You could see a polar bear (berserk).

Vanquished Creatures
  2 vault guards (Bailey)
  A two-headed ogre (D:10)
  Erica (Lair:1)
  A death yak (Lair:1)
  Pikel (D:8)
  An orc knight (D:10)
  A deep elf pyromancer (D:10)
  Joseph (D:8)
  3 cane toads
  A torpor snail (Lair:1)
  Maggie (D:8)
  A komodo dragon (Lair:1)
  3 trolls (D:10)
  A blink frog (Bailey)
  Prince Ribbit (D:7)
  A hornet (D:10)
  20 yaks
  4 wyverns
  A basilisk (Lair:1)
  5 humans (Bailey)
  3 steam dragons
  Edmund (D:6)
  2 wargs (D:9)
  An acid dragon (D:8)
  3 water moccasins
  3 ice beasts
  2 black bears
  2 ogres
  4 orc warriors
  9 wolves (Lair:1)
  2 centaurs (D:8)
  2 phantoms (D:5)
  A kobold brigand (D:6)
  3 gnoll sergeants
  7 bullfrogs
  5 scorpions
  15 wights
  A howler monkey (D:9)
  4 hounds
  4 jellies
  Crazy Yiuf (D:5)
  3 gnoll boudas
  4 orc priests
  4 iguanas
  Natasha (thrice) (D:4)
  6 orc wizards
  33 gnolls
  4 adders
  A shadow imp (D:7)
  A white imp (D:6)
  3 ufetubi
  A worm (D:2)
  5 dart slugs
  40 orcs
  5 ball pythons
  3 bats
  2 endoplasms (D:2)
  A giant cockroach (D:3)
  9 goblins
  11 hobgoblins
  6 jackals
  11 kobolds
  A quokka (D:3)
  2 frilled lizards
  6 rats
291 creatures vanquished.

Notes
Turn   | Place    | Note
-------+----------+-------------------------------------------
     0 | D:1      | Ashen the Ogre Ice Elementalist began the quest for the
                  | Orb.
     0 | D:1      | Reached XP level 1. HP: 16/16 MP: 3/3
   118 | D:1      | Reached XP level 2. HP: 23/24 MP: 5/5
   744 | D:2      | Reached XP level 3. HP: 30/32 MP: 4/7
   848 | D:2      | Reached skill level 3 in Spellcasting
   912 | D:2      | Reached skill level 1 in Fighting
  1563 | D:2      | Learned a level 3 spell: Frozen Ramparts
  1567 | D:2      | Learned a level 3 spell: Ozocubu's Armour
  1891 | D:3      | Reached XP level 4. HP: 33/41 MP: 3/8
  2087 | D:3      | Identified the +2 dagger "Ogre's Bane" {elec, +Blink Will+
                  | Str+5 Int-2}
  2174 | D:3      | Reached skill level 1 in Maces & Flails
  2175 | D:3      | Noticed Sigmund
  2333 | D:4      | Found a bloodstained altar of Trog.
  2348 | D:4      | Reached XP level 5. HP: 38/49 MP: 4/10
  2729 | D:4      | Reached skill level 4 in Spellcasting
  2729 | D:4      | Reached XP level 6. HP: 39/57 MP: 4/12
  3116 | D:3      | Identified the +0 buckler of Noje {Will+}
  3352 | D:4      | Noticed Natasha
  3359 | D:4      | Killed Natasha
  3623 | D:4      | Noticed Natasha
  3630 | D:4      | Killed Natasha
  3799 | D:4      | Noticed Natasha
  3809 | D:4      | Killed Natasha
  3810 | D:4      | Reached XP level 7. HP: 37/66 MP: 6/13
  4008 | D:4      | Found a bloodstained altar of Trog.
  4053 | D:5      | Entered Level 5 of the Dungeon
  4254 | D:5      | Reached skill level 5 in Ice Magic
  4416 | D:5      | Reached skill level 5 in Spellcasting
  4485 | D:5      | Found Zin's Purification Station.
  4485 | D:5      | Found a glowing silver altar of Zin.
  4706 | D:5      | Bought a potion of curing for 90 gold pieces
  4812 | D:5      | Found a runed translucent door.
  4813 | D:5      | Noticed Crazy Yiuf
  4997 | D:5      | Reached XP level 8. HP: 46/78 MP: 14/16
  5189 | D:5      | Killed Crazy Yiuf
  5698 | D:6      | Noticed Edmund
  5721 | D:5      | Reached skill level 6 in Spellcasting
  6478 | D:7      | Noticed Prince Ribbit
  6488 | D:7      | Killed Prince Ribbit
  6489 | D:7      | Reached skill level 5 in Fighting
  6489 | D:7      | Reached XP level 9. HP: 77/88 MP: 9/19
  6531 | D:7      | Reached skill level 7 in Spellcasting
  6627 | D:7      | Found a blossoming altar of Fedhas.
  6916 | D:7      | Found a staircase to the Ecumenical Temple.
  6925 | Temple   | Entered the Ecumenical Temple
  7099 | D:6      | Killed Edmund
  8327 | D:8      | Noticed Joseph
  8351 | D:7      | Reached skill level 8 in Spellcasting
  8760 | D:8      | Killed Joseph
  8761 | D:8      | Reached skill level 5 in Dodging
  8761 | D:8      | Reached XP level 10. HP: 10/100 MP: 14/22
  9062 | D:8      | Noticed Pikel
  9133 | D:8      | Killed Pikel
  9316 | D:8      | Reached skill level 9 in Spellcasting
  9543 | D:8      | Noticed Maggie
  9553 | D:8      | Killed Maggie
  9833 | D:9      | Reached skill level 5 in Maces & Flails
 10274 | D:9      | Reached XP level 11. HP: 33/107 MP: 24/24
 10282 | D:9      | Reached skill level 10 in Spellcasting
 10799 | D:9      | Found a staircase to the Lair.
 11388 | D:9      | Found a staircase to the Orcish Mines.
 11779 | D:10     | Entered Level 10 of the Dungeon
 11827 | D:10     | Found a burning altar of Makhleb.
 11844 | D:10     | Paralysed by a hornet for 2 turns
 11940 | D:10     | Found a hide-covered altar of Uskayaw.
 11989 | D:10     | Found a stormy altar of Qazlal.
 11990 | D:10     | Found a radiant altar of Vehumet.
 12029 | D:10     | Found a shadowy altar of Dithmenos.
 12030 | D:10     | Found an ancient bone altar of Kikubaaqudgha.
 12030 | D:10     | Found a broken altar of Ashenzari.
 12033 | D:10     | Became a worshipper of Vehumet
 12111 | D:10     | Found a flagged portal.
 12126 | Bailey   | Entered a bailey
 12665 | Bailey   | Noticed a vault guard
 12696 | Bailey   | Killed a vault guard
 12697 | Bailey   | Reached skill level 11 in Spellcasting
 12881 | Bailey   | Noticed a vault guard
 12958 | Bailey   | Killed a vault guard
 13344 | D:10     | Noticed an orc knight
 13355 | D:10     | Reached * piety under Vehumet
 13355 | D:10     | Offered knowledge of Shock by Vehumet.
 13364 | D:10     | Killed an orc knight
 13364 | D:10     | Noticed a deep elf pyromancer
 13365 | D:10     | Reached XP level 12. HP: 75/123 MP: 23/27
 13368 | D:10     | Reached skill level 10 in Ice Magic
 13742 | D:10     | Noticed a two-headed ogre
 14111 | D:10     | Killed a two-headed ogre
 14393 | D:9      | Learned a level 7 spell: Orb of Destruction
 14758 | Lair:1   | Entered Level 1 of the Lair of Beasts
 14903 | Lair:1   | Noticed a death yak
 14914 | Lair:1   | Reached skill level 1 in Conjurations
 14925 | Lair:1   | Killed a death yak
 14981 | Lair:1   | Noticed Erica
 15107 | Lair:1   | Killed Erica
 15184 | Lair:1   | Reached skill level 12 in Spellcasting
 15353 | Lair:1   | Noticed Amaemon
 15395 | Lair:2   | HP: 5/126 [polar bear (10)]
 15396 | Lair:2   | Mangled by a polar bear

Illustrated notes

Levels and vault maps discovered:
D:1:      evilmike_arrival_home_sweet_home, layout_loops_ring
D:2:      layout_loops_ring
D:3:      layout_loops_ring, kennysheep_doodads, uniq_sigmund
D:4:      layout_loops_cross, mainiacjoe_overflow_cross_hatched, uniq_natasha
D:5:      layout_basic, zin_purify, minivault_14, uniq_crazy_yiuf_cottage
D:6:      layout_basic, uniq_edmund
D:7:      layout_layer_cave, fedhas_altar_4, minmay_temple_entry_arrows,
          st_stairs_3, roderic_lattice_a, uniq_prince_ribbit1
D:8:      layout_basic, special_room [special_room_orc], item_on_display_a,
          uniq_maggie, uniq_joseph, uniq_pikel
D:9:      layout_gridville, minmay_lair_entry_grove, david_orc_1_choice
D:10:     minmay_distorted_concentric_squares, layout_irregular_city,
          lemuel_crystal_altar, overflow_temple_1_default,
          grunt_temple_overflow_open, enter_bailey_2
Temple:   pdpol_scorched_temple
Lair:1:   layout_cellular_growth, grunt_megastairs_2,
          infiniplex_staircase_pool_2, lemuel_fruit_tree, uniq_erica,
          uniq_amaemon
Lair:2:   layout_chaotic_city, minmay_swamp_entry_swarm, grunt_megastairs_5

Skill      XL: |  1  2  3  4  5  6  7  8  9 10 11 12 |
---------------+-------------------------------------+-----
Dodging        | 2 3 4 5 6 7 |  7.2
Spellcasting   | 3 4 5 6 8 9 11 12 | 12.0
Fighting       | 1 2 3 5 6 7 9 |  9.8
Ice Magic      | 4 5 6 7 8 9 10 | 10.5
Maces & Flails | 1 2 3 4 5 6 |  6.7
Stealth        | 2 3 |  3.0
Conjurations   | 2 |  2.3

Action                     |  1- 3 |  4- 6 |  7- 9 | 10-12 || total
---------------------------+-------+-------+-------+-------++-------
  Melee: Mace              |    43 |    48 |   163 |       ||   254
         Punch             |       |     1 |     4 |     2 ||     7
         Whip              |       |       |    36 |   168 ||   204
         Giant spiked club |       |       |    23 |   191 ||   214
   Cast: Freeze            |    50 |    48 |    62 |    40 ||   200
         Frozen Ramparts   |       |     5 |    19 |    43 ||    67
         Ozocubu's Armour  |       |     2 |    18 |    33 ||    53
  Evoke: Wand              |       |       |     9 |    10 ||    19
    Use: Potion            |       |       |       |     9 ||     9
         Scroll            |       |       |       |    19 ||    19
   Stab: Sleeping          |     7 |       |     3 |     1 ||    11
         Distracted        |       |       |     1 |     1 ||     2
 Armour: Robe              |    28 |    24 |    64 |       ||   116
         Steam dragon scal |       |       |    58 |   123 ||   181
         Troll leather arm |       |       |       |    36 ||    36
  Dodge: Dodged            |    43 |    50 |   146 |   227 ||   466
  Block: Other             |       |       |    19 |       ||    19
